 Dungeon Crawl Stone Soup version 0.31-a0-369-g8eba5f6939 (webtiles) character file.

Game seed: 3495242986435932412

679 mistaj the Chopper (level 7, -4/38 HPs)
             Began as a Vine Stalker Fighter on July 28, 2023.
             Succumbed to a killer bee's poison
             ... on level 5 of the Dungeon.
             The game lasted 00:05:30 (3290 turns).

mistaj the Chopper (Vine Stalker Fighter)           Turns: 3290, Time: 00:05:30

Health: -4/38      AC: 11    Str: 20    XL:     7   Next: 60%
Magic:  7/8        EV:  5    Int:  8    God:
Gold:   149        SH:  5    Dex: 14    Spells: 6/6 levels left

rFire   . . .        a - +0 war axe
rCold   + . .        c - +0 buckler
rNeg    . . .        n - +0 plate armour
rPois   .            (helmet currently unavailable)
rElec   .            (cloak currently unavailable)
rCorr   .            (gloves currently unavailable)
SInv    .            (boots currently unavailable)
Will    .....        i - amulet of the acrobat Stlth
                     j - ring of protection from cold
HPRegen 1.06/turn    (no ring)
MPRegen 0.11/turn

%: acrobat, guardian spirit
@: lethally poisoned (-4 -> -30), beast-form, studying Axes
A: beast (slay +2), fangs 2, regeneration 1, magic shield, antimagic bite, no
potion heal 2
a: Begin Untransformation


You were on level 5 of the Dungeon.
You were a hulking beast.
You visited 1 branch of the dungeon, and saw 5 of its levels.

You collected 149 gold pieces.

Inventory:

Hand Weapons
 a - a +0 war axe (weapon)
Missiles
 o - 6 silver javelins
Armour
 c - a +0 buckler (worn)
 n - a +0 plate armour (worn)
Jewellery
 i - an amulet of the acrobat (around neck)
 j - a ring of protection from cold (left hand)
Talismans
 h - a beast talisman
Scrolls
 b - 2 scrolls of identify
 k - a scroll of revelation
 r - a scroll of blinking {unknown}
 u - a scroll of amnesia {unknown}
Potions
 d - a potion of might
 e - 2 potions of cancellation {unknown}
 f - 3 potions of curing
 g - a potion of degeneration {unknown}
 l - a potion of magic {unknown}
 m - 2 potions of brilliance {unknown}
 q - a potion of enlightenment {unknown}
 s - a potion of ambrosia {unknown}
 t - a potion of berserk rage {unknown}
 v - a potion of lignification {unknown}


   Skills:
 + Level 4.5 Fighting
 + Level 4.7 Axes
 - Level 2.5 Armour
 + Level 4.4 Shields
 + Level 3.0 Shapeshifting


You had 6 spell levels left.
You didn't know any spells.
Your spell library contained the following spells:

 Spells                   Type           Power      Damage    Failure   Level
 Kiss of Death            Conj/Necr      0%         2d5       100%        1
 Confusing Touch          Hex            0%         N/A       100%        3
 Dispel Undead            Necr           0%         3d6       100%        4


Dungeon Overview and Level Annotations

Branches:
Dungeon (5/15)
 Temple: D:4-7

Altars:
Elyvilon
Ru
Zin
The Shining One


Innate Abilities, Weirdness & Mutations

You are a hulking beast.
Your limbs bulge with bestial killing power. (Slay +2)
You have extremely sharp teeth.
Your natural rate of healing is unusually fast.
When hurt, damage is shared between your health and your magic reserves.
Your bite disrupts and absorbs the magic of your enemies.
Potions cannot restore your health.


Message History

You miss the killer bee. Your bite misses the killer bee.
The killer bee is moderately wounded.
You closely miss the killer bee.
You feel very sick. The killer bee barely misses you.
You block the killer bee's attack.
The killer bee stings you but does no damage.
A killer bee comes into view.
The killer bee stings you but does no damage.
You barely miss the killer bee.
The killer bee is moderately wounded.
You slash the killer bee!
You feel sick. The killer bee closely misses you.
You block the killer bee's attack.
The killer bee stings you but does no damage.
The killer bee stings you.
You are more poisoned.
The killer bee poisons you! The killer bee stings you.
You are more poisoned.
The killer bee poisons you! You block the killer bee's attack.
The killer bee stings you.
The killer bee stings you but does no damage.
You slash the killer bee! You bite the killer bee. You drain its power.
You feel invigorated.
The killer bee is almost dead.
You barely miss the killer bee. x2
* * * LOW HITPOINT WARNING * * *
You feel very sick.
The killer bee stings you but does no damage.
You block the killer bee's attack.
The killer bee stings you but does no damage.
You block the killer bee's attack. The killer bee stings you.
* * * LOW HITPOINT WARNING * * *
You are more poisoned.
The killer bee poisons you! The killer bee stings you.
* * * LOW HITPOINT WARNING * * *
You are more poisoned.
The killer bee poisons you!
You miss the killer bee. Your bite misses the killer bee.
The killer bee is almost dead.
You hit the killer bee. You barely miss the killer bee.
You die...

...#.#.......)))....
..............####..
##..##......)...##.†
...............##..
.#####.##.........#.....
.......###.#........#..#
..P....................#
~~~.♣.yy##........#.)...
.~.~~P†h##........#.....
≈≈~~.~y)##.#........#...
≈~~.~~.###.##...#..##...
.~~♣~~. #...###..###.<.
~~.~~♣. ###.#...####...
....♣.. #....##8##.#.
.... .# #...##..##.#.
... .. ##..##...##.#.
##..##....##.#.


You could see 3 killer bees.

Vanquished Creatures
  A centaur (D:5)
  A phantom (D:5)
  Blork the orc (D:4)
  A gnoll sergeant (D:5)
  2 scorpions (D:5)
  A jelly (D:5)
  3 hounds
  3 gnolls (D:5)
  3 adders
  An ufetubus (D:5)
  4 worms
  3 dart slugs
  7 orcs
  4 ball pythons
  A bat (D:1)
  9 endoplasms
  3 giant cockroaches (D:1)
  5 goblins
  12 hobgoblins
  2 jackals (D:2)
  10 kobolds
  5 quokkas
  A frilled lizard (D:1)
  2 rats (D:1)
85 creatures vanquished.

Notes
Turn   | Place    | Note
-------+----------+-------------------------------------------
     0 | D:1      | mistaj the Vine Stalker Fighter began the quest for the
                  | Orb.
     0 | D:1      | Reached XP level 1. HP: 11/11 MP: 2/2
   107 | D:1      | Reached XP level 2. HP: 15/16 MP: 1/3
   304 | D:1      | Reached XP level 3. HP: 20/20 MP: 4/4
  1071 | D:2      | Reached skill level 1 in Shapeshifting
  1071 | D:2      | Gained mutation: Your natural rate of healing is unusually
                  | fast. [Vine Stalker growth]
  1071 | D:2      | Reached XP level 4. HP: 24/24 MP: 5/5
  1800 | D:3      | Found a faded altar of an unknown god.
  2535 | D:4      | Reached XP level 5. HP: 25/28 MP: 6/6
  2921 | D:4      | Found a sacrificial altar of Ru.
  2954 | D:4      | Noticed Blork the orc
  2961 | D:4      | Killed Blork the orc
  2962 | D:4      | Reached XP level 6. HP: 32/33 MP: 7/7
  3004 | D:4      | Identified a scroll of acquirement
  3004 | D:4      | Acquired a manual of Axes
  3018 | D:5      | Entered Level 5 of the Dungeon
  3081 | D:5      | Found a glowing golden altar of the Shining One.
  3081 | D:5      | Found a glowing silver altar of Zin.
  3081 | D:5      | Found a white marble altar of Elyvilon.
  3152 | D:5      | Reached XP level 7. HP: 19/37 MP: 4/8
  3290 | D:5      | Succumbed to a killer bee's poison

Illustrated notes

Levels and vault maps discovered:
D:1:      lordsloth_arrival_two_stooges, layout_basic,
          chequers_serial_rivers_small_b, st_stairs_14, grunt_decor_clamped,
          chequers_avenue
D:2:      layout_basic
D:3:      layout_loops_corners, basic_ecumenical_altar
D:4:      layout_gridville, nicolae_ru_the_path_less_chosen,
          kennysheep_generic_room_5, uniq_blork_the_orc
D:5:      layout_rooms, dreamdust_divine_triumvirate, lemuel_crystal_altar,
          serial_shops, nicolae_shop_stone, serial_bayou, serial_bayou_ford_a,
          serial_bayou_crossing, serial_bayou_pond_b, serial_bayou_shore_a,
          serial_bayou_shore_b, uniq_duvessa

Skill      XL: |  1  2  3  4  5  6  7 |
---------------+----------------------+-----
Axes           | 2 3 4 |  4.7
Fighting       | 3 4 |  4.5
Shields        | 3 4 |  4.4
Shapeshifting  | 1 2 3 |  3.0
Armour         | |  2.5

Action                     |  1- 3 |  4- 6 |  7- 9 || total
---------------------------+-------+-------+-------++-------
  Melee: War axe           |    83 |    98 |    21 ||   202
         Bite              |    15 |    27 |     7 ||    49
    Use: Scroll            |     1 |     2 |       ||     3
 Armour: Scale mail        |    36 |       |       ||    36
         Plate armour      |     8 |    49 |    18 ||    75
  Dodge: Dodged            |    38 |    36 |    11 ||    85
  Block: Buckler           |    14 |    27 |    15 ||    56
   Form: Beast             |     1 |       |       ||     1

Table legend: (Time is in decaauts)
 A = Elapsed time spent in this place.
 B = Non-inter-level travel time spent in this place.
 C = Inter-level travel time spent in this place.
 D = Time resting spent in this place.
 E = Time spent auto-exploring this place.
 F = Levels seen in this place.
 G = Mean time per level.
                   A        B        C        D        E       F      G
               +--------+--------+--------+--------+--------+-----+--------+
         Total |   3381 |   3268 |    113 |    129 |   2458 |   5 |  676.2 |
       Dungeon |   3381 |   3268 |    113 |    129 |   2458 |   5 |  676.2 |
               +--------+--------+--------+--------+--------+-----+--------+

Top non-repeatable levels by time:
     D:1: 994 daAuts
     D:3: 842 daAuts
     D:2: 707 daAuts
     D:4: 534 daAuts
     D:5: 302 daAuts
